 Dungeon Crawl Stone Soup version 0.27-a0-419-g7a85846853 (webtiles) character file.

Game seed: 10914944536089787435

10 Chiseanne the Conjurer (level 2, 21/21 HPs)
             Began as a Demonspawn Wanderer on Feb 26, 2021.
             Quit the game on level 1 of the Dungeon.
             The game lasted 00:00:30 (430 turns).

Chiseanne the Conjurer (Demonspawn Wanderer)         Turns: 430, Time: 00:00:31

Health: 21/21      AC:  2    Str:  9    XL:     2   Next: 10%
Magic:  5/5        EV: 12    Int: 13    God:
Gold:   14         SH:  0    Dex: 15    Spells: 5/5 levels left

rFire    . . .     SeeInvis .   a - +2 dagger
rCold    . . .     Faith    .   (no shield)
rNeg     . . .     Spirit   .   e - +0 robe
rPois    .         Reflect  .   (helmet restricted)
rElec    .         Harm     .   (no cloak)
rCorr    .         Rampage  .   (no gloves)
Will     .....                  (no boots)
Stlth    +.........             (no amulet)
HPRegen  0.07/turn              (no ring)
MPRegen  0.09/turn              (no ring)

@: no status effects
A: antennae 1
a: no special abilities


You were on level 1 of the Dungeon.
You visited 1 branch of the dungeon, and saw 1 of its levels.

You collected 14 gold pieces.

Inventory:

Hand Weapons
 a - a +2 dagger (weapon)
Missiles
 b - 3 curare-tipped darts (quivered)
 c - 20 stones
Armour
 e - a +0 robe (worn)
Scrolls
 d - a scroll of identify {unknown}
 g - a scroll of amnesia {unknown}
Potions
 f - a potion of haste {unknown}


   Skills:
 * Level 1.1 Fighting
 - Level 1.0 Throwing
 * Level 1.0 Dodging
 - Level 1.0 Shields
 - Level 2.0 Spellcasting
 - Level 3.0 Conjurations
 - Level 1.0 Summonings
 - Level 1.0 Ice Magic
 - Level 1.0 Air Magic


You had 5 spell levels left.
You didn't know any spells.
Your spell library contained the following spells:

 Spells                   Type           Power        Failure   Level
 Shock                    Conj/Air       24%          11%         1
 Apportation              Tloc           2%           26%         1
 Static Discharge         Conj/Air       6%           32%         3
 Portal Projectile        Hex/Tloc       2%           58%         3


Dungeon Overview and Level Annotations

Branches:
Dungeon (1/15)

Altars:


Innate Abilities, Weirdness & Mutations

You have a pair of small antennae on your head.


Message History

The hobgoblin is heavily wounded.
The hobgoblin closely misses you.
You hit the hobgoblin.
You kill the hobgoblin!
Your Fighting skill increases to level 1!
No target in view!
No target in view!
No target in view!
No target in view!
No target in view!
No target in view!
No target in view!
No target in view!
No target in view!
No target in view!
No target in view!
No target in view!
No target in view!
You see here a rat corpse.
You now have 14 gold pieces (gained 3).
You see here a rat corpse.
You see here a +0 club.
Found a spear.
You see here a +0 spear.
A dart slug comes into view.
You hit the dart slug.
The dart slug is heavily wounded.
The dart slug completely misses you.
You hit the dart slug.
The dart slug is heavily wounded.
You hit the dart slug.
The dart slug is almost dead.
The dart slug misses you.
You hit the dart slug.
You kill the dart slug!
Your Dodging skill increases to level 1!
You have reached level 2!
Your demonic ancestry asserts itself...
A pair of antennae grows on your head!
Are you sure you want to abandon this character and quit the game? (Confirm with "yes".)

##### #######...#
#.....).#.#
########..#.##...#
#........#..###.##
#.########..##...#
#@# #..##.... #†#
##).##.... #.#
##...#).... #.#
##.#........ #.#
#..†........ #.#
#..##..#.... #.#
#.#...###...
#.#####.##.......#
#...........###...


There were no monsters in sight!

Vanquished Creatures
  A dart slug (D:1)
  A hobgoblin (D:1)
  2 frilled lizards (D:1)
  3 goblins (D:1)
  2 rats (D:1)
9 creatures vanquished.

Notes
Turn   | Place    | Note
-------+----------+-------------------------------------------
     0 | D:1      | Chiseanne the Demonspawn Wanderer began the quest for the
                  | Orb.
     0 | D:1      | Chiseanne set off with the following items: a +2 dagger, 3
                  | curare-tipped darts, a +0 robe; and the following spells
                  | available to memorise: Shock, Apportation, Static
                  | Discharge, Portal Projectile
     0 | D:1      | Reached XP level 1. HP: 13/13 MP: 3/3
   312 | D:1      | Reached skill level 1 in Fighting
   430 | D:1      | Reached skill level 1 in Dodging
   430 | D:1      | Gained mutation: You have a pair of small antennae on your
                  | head. [demonic ancestry]
   430 | D:1      | Reached XP level 2. HP: 21/21 MP: 5/5
   430 | D:1      | Quit the game

Illustrated notes

Levels and vault maps discovered:
D:1:      onia_arrival_mini_maze, layout_loops_ring

Skill      XL: |  1 |
---------------+----+-----
Fighting       | 1 |  1.1
Dodging        | 1 |  1.0
Throwing       | |  1.0
Shields        | |  1.0
Spellcasting   | |  2.0
Conjurations   | |  3.0
Summonings     | |  1.0
Ice Magic      | |  1.0
Air Magic      | |  1.0

Action                   || total
-------------------------++-------
Melee: Dagger            ||    27
Armor: Robe              ||     2
Dodge: Dodged            ||    15

Table legend: (Time is in decaauts)
 A = Elapsed time spent in this place.
 B = Non-inter-level travel time spent in this place.
 C = Inter-level travel time spent in this place.
 D = Time resting spent in this place.
 E = Time spent auto-exploring this place.
 F = Levels seen in this place.
 G = Mean time per level.
                   A        B        C        D        E       F      G
               +--------+--------+--------+--------+--------+-----+--------+
         Total |    430 |    430 |      0 |      0 |    370 |   1 |  430.0 |
       Dungeon |    430 |    430 |      0 |      0 |    370 |   1 |  430.0 |
               +--------+--------+--------+--------+--------+-----+--------+

Top non-repeatable levels by time:
     D:1: 430 daAuts
